 Dungeon Crawl Stone Soup version 0.29-a0-352-g0917bc69df (webtiles) character file.

Game seed: 1360588859888704562

1578 Flugkiller the Skirmisher (level 8, 0/60 HPs)
             Began as an Octopode Cinder Acolyte on Apr 24, 2022.
             Was a High Priest of Ignis.
             Slain by a sky beast (6 damage)
             ... on level 7 of the Dungeon.
             The game lasted 00:05:15 (6214 turns).

Flugkiller the Skirmisher (Octopode Cinder Acolyte) Turns: 6214, Time: 00:05:16

Health: 0/60       AC:  1    Str: 14    XL:     8   Next: 91%
Magic:  25/27      EV: 16    Int: 16    God:    Ignis [*****.]
Gold:   381        SH:  8    Dex: 15    Spells: 7/9 levels left

rFire   + . .      SeeInvis .   A - +2 trident (venom)
rCold   . . .      Faith    .   q - +0 buckler
rNeg    . . .      Spirit   .   (helmet restricted)
rPois   .          Reflect  +   x - amulet of reflection
rElec   .          Harm     .   p - ring of magical power
rCorr   .          Rampage  .   v - ring of magical power
Will    .....                   w - +6 ring of dexterity
Stlth   ++++......              (no ring)
HPRegen 0.20/turn               (no ring)
MPRegen 0.20/turn               (no ring)
                                (no ring)
                                (no ring)

@: no status effects
A: almost no armour, amphibious, 8 rings, camouflage 1, gelatinous body 1,
(nimble swimmer 1), tentacles
a: Renounce Religion, Fiery Armour, Foxfire Swarm, Rising Flame


You were on level 7 of the Dungeon.
You worshipped Ignis.
Ignis was extremely pleased with you.
You visited 1 branch of the dungeon, and saw 7 of its levels.

You collected 381 gold pieces.

Inventory:

Hand Weapons
 A - a +2 trident of venom (weapon)
   (You took it off an orc on level 5 of the Dungeon)
Missiles
 j - 4 curare-tipped darts (quivered)
Armour
 q - a +0 buckler (worn)
   (You found it on level 3 of the Dungeon)
Jewellery
 p - a ring of magical power (left tentacle)
   (You found it on level 3 of the Dungeon)
 v - a ring of magical power (right tentacle)
   (You found it on level 4 of the Dungeon)
 w - a +6 ring of dexterity (on tentacle)
   (You found it on level 3 of the Dungeon)
 x - an amulet of reflection (around mantle)
   (You found it on level 4 of the Dungeon)
 C - an amulet of regeneration
   (You found it on level 6 of the Dungeon)
Wands
 B - a wand of iceblast (9)
   (You found it on level 6 of the Dungeon)
 E - a wand of flame (12)
   (You took it off Blork the orc on level 6 of the Dungeon)
Scrolls
 c - a scroll of fog
 k - a scroll of amnesia
 m - 2 scrolls of fear
 n - 2 scrolls of brand weapon
 t - 2 scrolls of teleportation
Potions
 b - 2 potions of brilliance
 d - 2 potions of might
 e - 2 potions of lignification {unknown}
 f - 2 potions of invisibility {unknown}
 g - 3 potions of curing {unknown}
 h - 3 potions of resistance {unknown}
 l - a potion of magic {unknown}
 o - 4 potions of degeneration {unknown}
 r - a potion of flight {unknown}
 s - a potion of heal wounds {unknown}
 z - 2 potions of mutation {unknown}


   Skills:
 + Level 7.5 Fighting
 - Level 3.0 Polearms
 + Level 7.5 Dodging
 - Level 5.0 Stealth
 - Level 1.0 Spellcasting
 - Level 3.0 Fire Magic


You had 7 spell levels left.
You knew the following spells:

 Your Spells              Type           Power      Damage    Failure   Level
a - Scorch                Fire           20%        2d6       14%         2

Your spell library contained the following spells:

 Spells                   Type           Power      Damage    Failure   Level
 Corpse Rot               Necr/Air       0%         N/A       43%         2
 Poisonous Vapours        Pois/Air       0%         N/A       43%         2
 Ozocubu's Armour         Ice            0%         N/A       67%         3
 Ozocubu's Refrigeration  Ice            0%         4d5       100%        7


Dungeon Overview and Level Annotations

Branches:
Dungeon (7/15)             Temple (0/1) D:5

Altars:
Cheibriados
Hepliaklqana
Okawaru
Xom
Zin
The Shining One

Shops:
D:2 =

Annotations:
D:4 Ijyb
D:5 1 runed translucent door, flestrin's ghost, novice OpCj


Innate Abilities, Weirdness & Mutations

You cannot wear most types of armour.
You are amphibious.
You can wear up to eight rings at the same time.
Your skin changes colour to match your surroundings (Stealth+).
Your rubbery body absorbs attacks. (AC +1, EV +1)
((You are camouflaged when in or above water. (Stealth+)))
You have tentacles for arms and can constrict up to eight enemies at once.


Message History

A - a +1 trident of venom (weapon)
Done exploring.
Done exploring.
Done exploring.
You start waiting.
You feel your willpower return.
(D) Dungeon (T) Temple
Where to? (Enter - D:6 @ (x,y), ? - help)
There is a stone staircase leading down here.
You climb downwards.
Found a scroll of enchant weapon, 32 gold pieces and a book of Alchemy.
Found a stone staircase leading down.
There is a stone staircase leading up here.
Key pressed, stopping travel.
Unknown command.
A bullfrog comes into view.
A bullfrog is nearby!
You reach to attack!
The helpless bullfrog fails to defend itself.
You puncture the bullfrog!
The bullfrog is poisoned.
The bullfrog is moderately wounded.
The bullfrog misses you.
You closely miss the bullfrog. You grab the bullfrog.
The bullfrog is heavily wounded.
You constrict the bullfrog. The bullfrog closely misses you.
The bullfrog hits you.
You puncture the bullfrog!
You kill the bullfrog!
No target in view!
No target in view!
i - a scroll of enchant weapon You see here a bullfrog corpse.
As you read the scroll of enchant weapon, it crumbles to dust.
Your +1 trident of venom glows red for a moment.
You drop a +0 spear of flaming.
You drop a +2 short sword of speed.
You drop a +0 glaive of venom.
You start removing your amulet.
You continue taking off your amulet of reflection. x2
Keep disrobing?
You stop removing your amulet.
Unknown command.
Casting: Scorch (safe; 14% risk of failure)
Confirm with . or Enter, or press ? or * to list all spells.
Flames lash the steam dragon.
The steam dragon is lightly wounded.
The steam dragon's fire resistance burns away.
Casting: Scorch (safe; 14% risk of failure)
Confirm with . or Enter, or press ? or * to list all spells.
You miscast Scorch.
You are very lightly contaminated with residual magic.
Nothing appears to happen.
A sky beast comes into view.
You hit the steam dragon.
The steam dragon is poisoned.
The steam dragon is moderately wounded.
The steam dragon bites you! The steam dragon claws you.
You hit the steam dragon.
The steam dragon looks as sick as possible!
Your squeeze misses the steam dragon.
The steam dragon is heavily wounded.
The steam dragon is no longer more vulnerable to fire.
The steam dragon breathes steam at you. The ball of steam misses you.
You hear a shout! x2
You barely miss the steam dragon.
The steam dragon is heavily wounded.
You block the steam dragon's attack. The steam dragon misses you.
The steam dragon closely misses you. The steam dragon barely misses you.
You closely miss the steam dragon. Your squeeze misses the steam dragon.
The steam dragon is severely wounded.
You block the steam dragon's attack. The steam dragon closely misses you.
You barely miss the steam dragon.
The steam dragon is severely wounded.
An orc comes into view. It is wielding a +0 short sword.
The steam dragon bites you. The steam dragon claws you.
You are too injured to fight recklessly!
You hit the steam dragon. Your squeeze misses the steam dragon.
The steam dragon is almost dead.
The sky beast flickers out of sight!
Deactivating autopickup; reactivate with Ctrl-A.
Something hits you but does no damage. You block the steam dragon's attack.
The steam dragon claws you.
Unknown command.
You closely miss the steam dragon.
The steam dragon is almost dead.
Something barely misses you. The steam dragon bites you!
You block the steam dragon's attack.
Your magical contamination has completely faded away.
Unknown command.
You barely miss the steam dragon. Your squeeze misses the steam dragon.
The steam dragon is almost dead.
Something hits you. Something shocks you.
* * * LOW HITPOINT WARNING * * *
The steam dragon misses you. The steam dragon claws you.
* * * LOW HITPOINT WARNING * * *
A shadow imp comes into view.
Something hits you.
* * * LOW HITPOINT WARNING * * *
Something shocks you.
You die...

#. ##. ##...
#....##
....... ###
..$.... #.##
.5..⌠..###).##
#.....D@....#
#......{o.###
............#
.......:...##
...........#
...$........
..........>..
..............


You could see a steam dragon (very poisoned), a shadow imp and an orc.

Vanquished Creatures
  An orc warrior (D:5)
  A black bear (D:6)
  A sky beast (D:6)
  An ogre (D:6)
  A centaur (D:6)
  Blork the orc (D:6)
  4 phantoms
  2 scorpions
  2 bullfrogs
  2 necrophages (D:6)
  3 hounds
  An orc priest (D:5)
  6 iguanas
  3 adders
  4 gnolls
  An ufetubus (D:4)
  A worm (D:4)
  7 orcs
  8 ball pythons
  6 endoplasms
  3 giant cockroaches
  A goblin (D:3)
  4 hobgoblins
  2 quokkas
  8 bats
  2 frilled lizards
  3 kobolds
  2 rats (D:1)
81 creatures vanquished.

Notes
Turn   | Place    | Note
-------+----------+-------------------------------------------
     0 | D:1      | Flugkiller the Octopode Cinder Acolyte began the quest for
                  | the Orb.
     0 | D:1      | Reached XP level 1. HP: 16/16 MP: 2/2
    69 | D:1      | Reached skill level 1 in Stealth
   110 | D:1      | Reached skill level 1 in Dodging
   110 | D:1      | Reached XP level 2. HP: 18/21 MP: 3/3
   280 | D:1      | Reached XP level 3. HP: 24/26 MP: 4/4
   829 | D:2      | Found Norch's Jewellery Shop.
  1270 | D:3      | Found a faded altar of an unknown god.
  1540 | D:3      | Learned a level 2 spell: Scorch
  1724 | D:3      | Reached XP level 4. HP: 31/31 MP: 5/5
  2349 | D:4      | Noticed Ijyb
  2375 | D:4      | Reached XP level 5. HP: 36/36 MP: 6/6
  2449 | D:4      | Reached skill level 5 in Stealth
  2619 | D:4      | Found a hazy altar of Hepliaklqana.
  2657 | D:4      | Found a shimmering altar of Xom.
  2657 | D:4      | Found a glowing silver altar of Zin.
  2661 | D:4      | Found an iron altar of Okawaru.
  2667 | D:4      | Found a glowing golden altar of the Shining One.
  2671 | D:4      | Found a snail-covered altar of Cheibriados.
  3020 | D:4      | Reached XP level 6. HP: 42/42 MP: 7/7
  3468 | D:5      | Entered Level 5 of the Dungeon
  3484 | D:4      | Reached skill level 5 in Dodging
  4006 | D:5      | Reached XP level 7. HP: 29/49 MP: 8/8
  4192 | D:5      | Found a staircase to the Ecumenical Temple.
  4198 | D:5      | Found a runed translucent door.
  4210 | D:5      | Reached skill level 5 in Fighting
  4370 | D:5      | Noticed flestrin's ghost (novice OpCj)
  4776 | D:6      | Reached XP level 8. HP: 29/57 MP: 9/9
  5567 | D:6      | Noticed Blork the orc
  5576 | D:6      | Killed Blork the orc
  6214 | D:7      | Slain by a sky beast

Illustrated notes

Levels and vault maps discovered:
D:1:      saegor_arrival_fortress, layout_basic
D:2:      layout_rooms, serial_shops, shop_fountains
D:3:      layout_rooms, hellmonk_ecumenical_altar_pennies_from_heaven,
          kennysheep_path_1, corner_web_ring
D:4:      layout_gridville, worldfamousw_hep_ancestral_shrine, minitemple,
          chequers_avenue, kennysheep_another_room,
          chequers_serial_rivers_small_b, uniq_ijyb
D:5:      layout_cave_pools, minmay_temple_entry_purple_smoke,
          ebering_ghost_sewer_d, minivault_11, minmay_misc_feat_plants,
          chequers_serial_rivers_micro_d
D:6:      layout_basic, minmay_splitting_lines, amcnicky_mini_corridor_feature,
          columned_hall_lemuel, kennysheep_generic_room_16, uniq_blork_the_orc
D:7:      layout_cave_pools, solitary_fountain

Skill      XL: |  1  2  3  4  5  6  7  8 |
---------------+-------------------------+-----
Stealth        | 1 2 3 4 5 |  5.0
Dodging        | 1 2 3 4 5 7 |  7.5
Fighting       | 4 5 7 |  7.5
Polearms       | |  3.0
Spellcasting   | |  1.0
Fire Magic     | |  3.0

Action                   |  1- 3 |  4- 6 |  7- 9 || total
-------------------------+-------+-------+-------++-------
Melee: Spear             |    87 |    54 |    48 ||   189
       Constrict         |    10 |    13 |    13 ||    36
       Tentacles         |     8 |    10 |    15 ||    33
       Punch             |       |     1 |     1 ||     2
       Trident           |       |       |    11 ||    11
Throw: Dart              |       |     1 |     2 ||     3
 Cast: Scorch            |     2 |    18 |    36 ||    56
  Use: Scroll            |       |     4 |     8 ||    12
 Stab: Sleeping          |     8 |     4 |     2 ||    14
Armor: Skin              |     7 |     1 |     4 ||    12
Dodge: Dodged            |    35 |    19 |    42 ||    96
Block: Buckler           |     2 |     5 |    23 ||    30
       Reflection        |       |       |     1 ||     1

Table legend: (Time is in decaauts)
 A = Elapsed time spent in this place.
 B = Non-inter-level travel time spent in this place.
 C = Inter-level travel time spent in this place.
 D = Time resting spent in this place.
 E = Time spent auto-exploring this place.
 F = Levels seen in this place.
 G = Mean time per level.
                   A        B        C        D        E       F      G
               +--------+--------+--------+--------+--------+-----+--------+
         Total |   6211 |   5965 |    246 |   2115 |   3042 |   7 |  887.3 |
       Dungeon |   6211 |   5965 |    246 |   2115 |   3042 |   7 |  887.3 |
               +--------+--------+--------+--------+--------+-----+--------+

Top non-repeatable levels by time:
     D:6: 1509 daAuts
     D:4: 1330 daAuts
     D:3: 1166 daAuts
     D:5: 1009 daAuts
     D:2: 611 daAuts
     D:1: 557 daAuts
     D:7: 27 daAuts
